 Dungeon Crawl Stone Soup version 0.26-a0-259-g1effd001a9 (webtiles) character file.

Game seed: 11341742380503611030

71 MalarOregon the Firebug (level 4, 30/35 HPs)
             Began as a Draconian Fire Elementalist on July 5, 2020.
             Quit the game on level 4 of the Dungeon on July 11, 2020.
             The game lasted 00:06:24 (2351 turns).

MalarOregon the Firebug (DrFE)                      Turns: 2351, Time: 00:06:24

Health: 30/35      AC:  5    Str: 10    XL:     4   Next: 5%
Magic:  7/7        EV: 12    Int: 17    God:
Gold:   72         SH:  0    Dex: 11    Spells: 6/7 levels left

rFire    . . .     SeeInvis .   j - +0 falchion
rCold    . . .     Faith    .   (no shield)
rNeg     . . .     Spirit   .   (armour unavailable)
rPois    .         Reflect  .   (helmet restricted)
rElec    .         Harm     .   (no cloak)
rCorr    .                      (no gloves)
MR       .....                  (no boots)
Stlth    ++........             (no amulet)
HPRegen  0.11/turn              (no ring)
MPRegen  0.10/turn              (no ring)

@: no status effects
A: unfitting armour, cold-blooded, AC +5
a: no special abilities


You were on level 4 of the Dungeon.
You were not hungry.

You visited 1 branch of the dungeon, and saw 3 of its levels.

You collected 72 gold pieces.

Inventory:

Hand Weapons
 j - a +0 falchion (weapon)
   (You took it off Terence on level 2 of the Dungeon)
Missiles
 d - 13 poisoned darts (quivered)
Jewellery
 b - an uncursed ring of poison resistance {unknown}
   (You found it on level 1 of the Dungeon)
 c - a cursed -4 ring of strength {unknown}
   (You found it on level 1 of the Dungeon)
 f - a cursed -4 ring of intelligence {unknown}
   (You found it on level 1 of the Dungeon)
 i - an uncursed ring of flight {unknown}
   (You found it on level 1 of the Dungeon)
 k - an uncursed amulet of faith {unknown}
   (You found it on level 2 of the Dungeon)
Scrolls
 a - a scroll of enchant armour {unknown}
 g - 2 scrolls of identify {unknown}
Potions
 l - a potion of curing {unknown}
 m - a potion of brilliance {unknown}
Comestibles
 e - 4 rations {!d}
 h - a chunk of flesh


   Skills:
 + Level 1.1 Fighting
 + Level 2.2 Dodging
 - Level 1.7 Stealth
 + Level 2.3 Spellcasting
 * Level 2.2 Conjurations
 * Level 3.7 Fire Magic


You had 6 spell levels left.
You knew the following spells:

 Your Spells              Type           Power        Failure   Level
a - Foxfire               Conj/Fire      ##..         5%          1

Your spell library contained the following spells:

 Spells                   Type           Power        Failure   Level
 Conjure Flame            Conj/Fire      ##......     17%         3
 Inner Flame              Hex/Fire       #.......     26%         3
 Sticky Flame             Conj/Fire      ##......     50%         4
 Fireball                 Conj/Fire      ##........   83%         5


Dungeon Overview and Level Annotations

Branches:
Dungeon (2/15)

Altars:
Okawaru


Innate Abilities, Weirdness & Mutations

Your plain brown scales are hard. (AC +5)
You cannot fit into any form of body armour.
You are cold-blooded and may be slowed by cold attacks.


Message History

There is an open door here.
A kobold comes into view.
A kobold is nearby!
The helpless kobold fails to defend itself.
You hit the kobold but do no damage. The kobold hits you but does no damage.
You barely miss the kobold. The kobold barely misses you.
You riposte.
You closely miss the kobold.
You tail-slap the kobold, but do no damage.
The kobold hits you.
You hit the kobold.
You kill the kobold!
No target in view!
There is an open door here.
You open the door.
There is an open door here.
A goblin comes into view. It is wielding a +0 club.
The goblin shouts!
A goblin is nearby!
A goblin is nearby!
A goblin is nearby!
You miss the goblin. The goblin barely misses you.
You riposte.
You hit the goblin. You tail-slap the goblin.
You kill the goblin!
No target in view!
No target in view!
Things that are here:
a +0 club; a goblin corpse You butcher the goblin corpse.
h - a chunk of flesh
Things that are here:
a +0 club; a goblin skeleton
Things that are here:
a +0 club; a goblin skeleton You fall into a shaft and drop 2 floors!
The shaft crumbles and collapses.
An adder comes into view.
The adder hisses angrily.
Found 11 gold pieces and 23 stones.
You conjure some foxfire!
The foxfire hits the adder. x2
You conjure some foxfire!
The adder bites you. x2
You closely miss the adder.
The foxfire hits the adder. x2
You kill the adder!
You have reached level 4!
You feel clever.
You now have 72 gold pieces (gained 11).
You start resting.
Unknown command.
Welcome back, MalarOregon the Draconian Fire Elementalist.
Welcome back, MalarOregon the Draconian Fire Elementalist.

.. # ..
#. ..
#. ##.
#.##..
##....
#....#
#@##
#..#
##....#
.......
......#
..(..##
#......
....##
....#


There were no monsters in sight!

Vanquished Creatures
  Terence (D:2)
  2 adders
  2 dart slugs (D:1)
  2 bats (D:1)
  3 goblins
  2 hobgoblins (D:1)
  4 jackals (D:1)
  A ball python (D:1)
  A frilled lizard (D:1)
  4 kobolds
  5 rats
27 creatures vanquished.

Vanquished Creatures (others)
  66 foxfires
66 creatures vanquished.

Grand Total: 93 creatures vanquished

Notes
Turn   | Place    | Note
-------+----------+-------------------------------------------
     0 | D:1      | MalarOregon the Draconian Fire Elementalist began the quest
                  | for the Orb.
     0 | D:1      | Reached XP level 1. HP: 14/14 MP: 3/3
   185 | D:1      | Reached XP level 2. HP: 14/22 MP: 0/5
  1291 | D:2      | Noticed Terence
  1841 | D:2      | Found an iron altar of Okawaru.
  1875 | D:2      | Reached XP level 3. HP: 27/27 MP: 3/6
  1954 | D:2      | Killed Terence
  1954 | D:2      | Reached skill level 1 in Fighting
  2320 | D:2      | You fall into a shaft and drop 2 floors!
  2324 | D:4      | Reached XP level 4. HP: 27/35 MP: 4/7
  2351 | D:4      | Upgraded the game from 0.26-a0-190-g75a3d40d47 to
                  | 0.26-a0-228-g29f007ebfe
  2351 | D:4      | Upgraded the game from 0.26-a0-228-g29f007ebfe to
                  | 0.26-a0-259-g1effd001a9
  2351 | D:4      | Quit the game

Illustrated notes

Levels and vault maps discovered:
D:1:      eino_arrival_water_star, layout_loops_corners, minmay_crystal_water,
          minmay_fountain_box
D:2:      layout_loops_corners, okawaru_metal_pillars_1_2, corner_web_ring,
          uniq_terence
D:4:      layout_rooms, nemelex_xobeh_ov_fountains_minmay, uniq_edmund,
          uniq_grinder

Skill      XL: |  1  2  3 |
---------------+----------+-----
Dodging        | 2 |  2.2
Fighting       | 1 |  1.1
Conjurations   | 2 |  2.2
Stealth        | |  1.7
Spellcasting   | |  2.3
Fire Magic     | |  3.7

Action                   |  1- 3 |  4- 6 || total
-------------------------+-------+-------++-------
Melee: Unarmed           |    55 |       ||    55
       Tailslap          |    11 |       ||    11
       Falchion          |     5 |       ||     5
Throw: Dart              |     8 |       ||     8
 Cast: Foxfire           |    39 |       ||    39
 Stab: Sleeping          |     1 |       ||     1
  Eat: Chunk             |     5 |       ||     5
Armor: Skin              |    13 |       ||    13
Dodge: Dodged            |    56 |       ||    56
       Rpst.: Falchion   |     2 |       ||     2

Table legend:
 A = Non-vault XP
 B = Vault XP
 C = Vault XP percentage of total XP
 D = Non-vault monster count
 E = Vault monster count
 F = Vault count percentage of total count
                 A         B        C        D         E       F
            +---------+---------+-------+---------+---------+-------
      Total |      66 |      36 |  35.3 |      26 |       1 |   3.7
            +---------+---------+-------+---------+---------+-------
        D:1 |      36 |       0 |   0.0 |      21 |       0 |   0.0
        D:2 |      17 |      36 |  67.9 |       4 |       1 |  20.0
        D:4 |      13 |       0 |   0.0 |       1 |       0 |   0.0
            +---------+---------+-------+---------+---------+-------
